AoeStats
← saate

Arabia

510266304Analyzed
1v1 RM · 2d ago on Sep 30, 2026· 29m 2s· 2 players
Game mode
Random Map
Map size
Tiny (2 player)
Population
200
Speed
Normal
Resources
Standard
Victory
Conquest
Starting age
Dark Age
Ending age
Imperial Age
RankedLock teamsTeams togetherTeam positionsShared explorationLock speedFull tech treeHidden civsTurbo modeCheats
Victory
Defeat
🇦🇺 Varangians · Australia
825
+15
🇮🇩 Mongols · Indonesia
809
-15
saate
7:03 Loom
10:33 Feudal Age
11:12 Horse Collar
29:13 Castle Age
sebastienbohan95
8:12 Loom
11:14 Feudal Age
13:31 Bloodlines
13:31 Scale Barding Armor
13:37 Forging
20:20 Fletching
28:55 Castle Age
Connection lost

Rejoining the realm…

Still unreachable

The connection could not be restored.

Session expired

The server has moved on; the page needs a fresh start.